 Dungeon Crawl Stone Soup version 0.27-a0-1154-gfdeffcb720 (webtiles) character file.

Game seed: 14662800768259627119

1355 freelancePsychic the Grappler (level 8, -6/78 HPs)
             Began as a Troll Chaos Knight on May 14, 2021.
             Was a Plaything of Xom.
             Mangled by an orc warrior
             ... wielding a +1 morningstar of protection
              (10 damage)
             ... on level 6 of the Dungeon.
             The game lasted 00:12:12 (3420 turns).

freelancePsychic the Grappler (Troll Chaos Knight)  Turns: 3420, Time: 00:12:15

Health: -6/78      AC:  9    Str: 22    XL:     8   Next: 37%
Magic:  7/7        EV: 10    Int:  9    God:    Xom [...*..]
Gold:   372        SH:  0    Dex:  9    Spells: 7/7 levels left

rFire    . . .     SeeInvis .     - Unarmed
rCold    . . .     Faith    .   (no shield)
rNeg     . . .     Spirit   .   a - +2 robe
rPois    .         Reflect  .   f - +2 hat
rElec    .         Harm     .   k - +0 cloak
rCorr    .         Rampage  .   (gloves unavailable)
Will     .....                  (boots unavailable)
Stlth    +.........             g - amulet of the acrobat
HPRegen  1.23/turn              (no ring)
MPRegen  0.10/turn              (no ring)

@: mighty, mesmerised, hasted, very quick
A: large, unfitting armour, claws 3, regeneration 1, shaggy fur 1, tough skin 1
a: Renounce Religion


You were on level 6 of the Dungeon.
You worshipped Xom.
You were a favourite toy of Xom.
You visited 1 branch of the dungeon, and saw 6 of its levels.

You collected 372 gold pieces.

Inventory:

Missiles
 l - a throwing net (quivered)
Armour
 a - a +2 robe (worn)
 f - a +2 hat (worn)
 k - a +0 cloak (worn)
Jewellery
 b - a +6 ring of intelligence
 g - an amulet of the acrobat (around neck)
Wands
 m - a wand of acid (7)
 n - a wand of flame (15)
 o - a wand of digging (2)
Scrolls
 d - a scroll of immolation
 j - 2 scrolls of identify {@r1}
Potions
 e - a potion of invisibility {unknown}
 i - a potion of haste {@q3}


   Skills:
 + Level 3.9 Fighting
 + Level 2.2 Dodging
 - Level 10.0 Unarmed Combat


You had 7 spell levels left.
You didn't know any spells.
Your spell library contained the following spells:

 Spells                   Type           Power      Damage    Failure   Level
 Magic Dart               Conj           0%         1d3       38%         1
 Searing Ray              Conj           0%         3d3       52%         2
 Dazzling Flash           Conj/Hex       0%         N/A       77%         3
 Fulminant Prism          Conj/Hex       0%         3d6       99%         4
 Iskenderun's Mystic Bla  Conj/Tloc      0%         2d3       99%         4


Dungeon Overview and Level Annotations

Branches:
Dungeon (6/15)             Temple (0/1) D:5

Altars:
Ashenzari
Dithmenos
Fedhas
Makhleb
Nemelex Xobeh
Trog
Xom
Yredelemnul

Annotations:
D:6 Maggie


Innate Abilities, Weirdness & Mutations

You are too large for most types of armour.
You have claws for hands.
Your natural rate of healing is unusually fast.
You are covered in fur. (AC +1)
You have tough skin. (AC +1)


Message History

The phantom is heavily damaged.
The phantom hits you!
The phantom blinks!
You blink.
You mangle the phantom!!
You destroy the phantom!
Training target 10.0 for Unarmed Combat reached!
Your Unarmed Combat skill increases to level 10!
You need to enable at least one skill for training.
Your Dodging skill increases to level 2!
You are too injured to fight recklessly!
You swap places.
The orc warrior closely misses you.
Maggie points at you and mumbles some strange words.
The bolt of fire hits the orc!
The orc dies!
The bolt of fire hits you!!
* * * LOW HITPOINT WARNING * * *
Okay, then.
Unknown command.
Unknown command.
Unknown command.
It was a potion of might.
You feel very mighty all of a sudden.
Xom thinks this is hilarious!
The orc warrior closely misses you.
Maggie mumbles some strange words.
Maggie attempts to bespell you!
You are mesmerised by Maggie!
You cannot move away from Maggie!
Unknown command.
You scratch the orc warrior. You claw the orc warrior!
The orc warrior is moderately wounded.
Xom opens a gate.
You are now a favourite toy of Xom.
You closely miss the orc warrior.
The orc warrior is moderately wounded.
The orc warrior closely misses you.
You claw the orc warrior!
The orc warrior is almost dead.
The orc warrior hits you with a +1 morningstar of protection!
You die...
Xom snickers!

#....#...'....)...
#....#...#5.......
###....#####........
##.####..........####
#.....#..........#...
#.....'..........#)<.
#####'#....).....####
#............##### ##
#...@........# #.
#..o)5.......# #.
#......####### #>
#...5.)# ## #...@..+
+......# #........
#..........
+....@.......


You could see Maggie (mesmerising, ally target), an orc warrior (ally target), a
friendly iron imp (summoned) and a friendly white imp (summoned).

Vanquished Creatures
  Menkaure (D:6)
  The ghost of pubby the Magician, an amateur DjFE (D:4)
  A water moccasin (D:5)
  An orc warrior (D:6)
  A sky beast (D:5)
  2 ogres
  A phantom (D:6)
  A water moccasin zombie (D:5)
  A wyvern skeleton (D:6)
  A bullfrog zombie (D:5)
  3 orc priests
  A jelly (D:5)
  A scorpion zombie (D:5)
  5 orc wizards
  A howler monkey zombie (D:5)
  10 adders
  3 gnolls (D:3)
  An ufetubus (D:5)
  An adder skeleton (D:5)
  4 worms
  2 dart slugs (D:5)
  2 orcs (D:5)
  5 bats
  2 endoplasms (D:1)
  10 goblins
  7 hobgoblins
  7 jackals
  4 quokkas
  3 frilled lizards (D:2)
  3 kobolds
  4 rats
90 creatures vanquished.

Vanquished Creatures (others)
  A hound zombie (D:5)
  An orc (D:6)
2 creatures vanquished.

Grand Total: 92 creatures vanquished

Notes
Turn   | Place    | Note
-------+----------+-------------------------------------------
     0 | D:1      | freelancePsychic the Troll Chaos Knight began the quest for
                  | the Orb.
     0 | D:1      | Reached XP level 1. HP: 22/22 MP: 0/0
    11 | D:1      | XOM: divination: magic mapping
    19 | D:1      | XOM: silly message
    53 | D:1      | Found a faded altar of an unknown god.
   124 | D:1      | Reached XP level 2. HP: 25/29 MP: 1/1
   323 | D:1      | XOM: god gift: 30 gold pieces
   432 | D:2      | Reached XP level 3. HP: 35/37 MP: 2/2
   696 | D:2      | XOM: enchant monster (bad)
   797 | D:2      | Reached skill level 4 in Unarmed Combat
   941 | D:2      | Reached XP level 4. HP: 42/45 MP: 3/3
  1097 | D:2      | XOM: noise
  1220 | D:3      | XOM: silly message
  1252 | D:3      | Found a blossoming altar of Fedhas.
  1424 | D:3      | XOM: 5-stop teleportation journey
  1432 | D:3      | Found a bloodstained altar of Trog.
  1486 | D:3      | XOM: cloud trail
  1571 | D:3      | XOM: summons 1 hostile demon
  1732 | D:4      | Reached XP level 5. HP: 54/54 MP: 4/4
  1789 | D:4      | XOM: god gift: 60 gold pieces
  1859 | D:4      | Noticed an ogre
  1867 | D:4      | Killed an ogre
  1868 | D:4      | Reached skill level 5 in Unarmed Combat
  2116 | D:4      | Found a runed translucent gate.
  2116 | D:4      | Found a runed translucent gate.
  2116 | D:4      | Found a runed translucent gate.
  2116 | D:4      | Noticed pubby's ghost (amateur DjFE)
  2278 | D:4      | Killed pubby's ghost
  2279 | D:4      | Reached skill level 6 in Unarmed Combat
  2279 | D:4      | Reached XP level 6. HP: 61/62 MP: 5/5
  2441 | D:4      | XOM: cloud trail
  2543 | D:5      | Entered Level 5 of the Dungeon
  2640 | D:5      | XOM: enchant monster (good)
  2650 | D:5      | Reached skill level 7 in Unarmed Combat
  2700 | D:5      | Found a shimmering altar of Xom.
  2704 | D:5      | Reached XP level 7. HP: 68/68 MP: 6/6
  2705 | D:5      | Found a basalt altar of Yredelemnul.
  2705 | D:5      | Found a basalt altar of Yredelemnul.
  2707 | D:5      | Found a burning altar of Makhleb.
  2707 | D:5      | Found a sparkling altar of Nemelex Xobeh.
  2707 | D:5      | Found a shadowy altar of Dithmenos.
  2724 | D:5      | XOM: noise
  2746 | D:5      | Found a broken altar of Ashenzari.
  2789 | D:5      | XOM: cast spell 'Alistair's Intoxication'
  2795 | D:5      | XOM: enchant monster (good)
  2802 | D:5      | Reached skill level 8 in Unarmed Combat
  2803 | D:5      | XOM: divination: magic mapping
  3067 | D:5      | Found a burning altar of Makhleb.
  3179 | D:5      | Found a staircase to the Ecumenical Temple.
  3314 | D:6      | Reached skill level 9 in Unarmed Combat
  3337 | D:6      | Noticed Menkaure
  3338 | D:6      | XOM: summons friendly white imp
  3341 | D:6      | Reached XP level 8. HP: 70/78 MP: 7/7
  3349 | D:6      | Killed Menkaure
  3407 | D:6      | Noticed Maggie
  3416 | D:6      | Reached skill level 10 in Unarmed Combat
  3416 | D:6      | HP: 1/78 [Maggie/bolt of fire (26)]
  3418 | D:6      | XOM: summons friendly iron imp
  3420 | D:6      | Mangled by an orc warrior

Illustrated notes

Levels and vault maps discovered:
D:1:      tarquinn_simple_flora_water_a, layout_basic,
          shapermc_ecumenical_altar_venn, grunt_decor_resistance
D:2:      layout_basic
D:3:      layout_rooms, old_standard_altar, trog_book, st_stairs_9
D:4:      layout_loops_corners, ebering_ghost_rock_garden, minmay_misc_feat_x
D:5:      layout_rooms, general_overflow_altar, doesnt_xom_only_xom,
          lightli_temple_of_fire, lemuel_temple_firewalk_a
D:6:      layout_gridville, lemuel_round_altar, uniq_duvessa, uniq_menkaure,
          uniq_maggie

Skill      XL: |  1  2  3  4  5  6  7  8 |
---------------+-------------------------+-----
Fighting       | 3 |  3.9
Unarmed Combat | 4 6 7 9 10 | 10.0
Dodging        | 2 |  2.2

Action                   |  1- 3 |  4- 6 |  7- 9 || total
-------------------------+-------+-------+-------++-------
Melee: Unarmed           |    90 |   120 |    83 ||   293
       Punch             |     1 |     3 |     4 ||     8
Throw: Throwing net      |       |       |     1 ||     1
Evoke: Wand              |       |     2 |       ||     2
  Use: Potion            |     1 |       |     7 ||     8
       Scroll            |       |     3 |     1 ||     4
 Stab: Sleeping          |       |     1 |       ||     1
Armor: Robe              |    33 |    66 |    35 ||   134
Dodge: Dodged            |    36 |    44 |    40 ||   120

Table legend: (Time is in decaauts)
 A = Elapsed time spent in this place.
 B = Non-inter-level travel time spent in this place.
 C = Inter-level travel time spent in this place.
 D = Time resting spent in this place.
 E = Time spent auto-exploring this place.
 F = Levels seen in this place.
 G = Mean time per level.
                   A        B        C        D        E       F      G
               +--------+--------+--------+--------+--------+-----+--------+
         Total |   3375 |   3262 |    113 |      0 |   2586 |   6 |  562.5 |
       Dungeon |   3375 |   3262 |    113 |      0 |   2586 |   6 |  562.5 |
               +--------+--------+--------+--------+--------+-----+--------+

Top non-repeatable levels by time:
     D:4: 899 daAuts
     D:2: 788 daAuts
     D:5: 698 daAuts
     D:3: 433 daAuts
     D:1: 417 daAuts
     D:6: 138 daAuts
